 Dungeon Crawl Stone Soup version 0.31.0-32-g396128a36d (webtiles) character file.

Game seed: 11299162388301604422

28 KennySheep the Sneak (level 2, 0/18 HPs)
             Began as a Deep Elf Delver on Apr 9, 2024.
             Slain by a quokka (3 damage)
             ... on level 2 of the Dungeon.
             The game lasted 00:03:26 (188 turns).

KennySheep the Sneak (Deep Elf Delver)               Turns: 188, Time: 00:03:27

Health: 0/18       AC:  3    Str:  9    XL:     2   Next: 96%
Magic:  5/5        EV: 12    Int: 14    God:
Gold:   0          SH:  5    Dex: 16    Spells: 3/3 levels left

rFire   . . .        a - +0 short sword
rCold   . . .        (no shield)
rNeg    . . .        b - +0 leather armour
rPois   .            (no helmet)
rElec   .            (no cloak)
rCorr   .            (no gloves)
SInv    .            (no boots)
Will    .....        h - amulet of reflection
Stlth   +++          (no ring)
HPRegen 0.23/turn    (no ring)
MPRegen 0.09/turn

%: reflection
@: no status effects
A: no striking features
a: no special abilities


You were on level 2 of the Dungeon.
You visited 1 branch of the dungeon, and saw 4 of its levels.

Inventory:

Hand Weapons
 a - a +0 short sword (weapon)
Armour
 b - a +0 leather armour (worn)
Jewellery
 h - an amulet of reflection (around neck)
Wands
 g - a wand of digging (3)
Scrolls
 c - a scroll of fog


   Skills:
 - Level 2.4 Fighting
 - Level 2.0 Short Blades
 + Level 1.2 Ranged Weapons
 + Level 2.8 Dodging
 + Level 6.2 Stealth
 + Level 1.2 Spellcasting
 + Level 1.2 Hexes
 + Level 1.0 Necromancy


You had 3 spell levels left.
You didn't know any spells.
Your spell library contained the following spells:

 Spells                   Type           Power      Damage    Failure   Level
 Magic Dart               Conj           0%         1d3       36%         1
 Ensorcelled Hibernation  Hex/Ice        4%         N/A       38%         2
 Searing Ray              Conj           0%         2d4       50%         2
 Fugue of the Fallen      Necr           3%         N/A       56%         3
 Anguish                  Hex/Necr       2%         N/A       92%         4
 Fulminant Prism          Conj/Alch      0%         3d5       98%         4


Dungeon Overview and Level Annotations

Branches:
Dungeon (5/15)
 Temple: D:4-7

Altars:

Annotations:
D:3 Ijyb


Message History

You closely miss the quokka. The quokka closely misses you.
You closely miss the quokka. The quokka bites you.
You completely miss the quokka.
The quokka bites you but does no damage.
You hit the quokka but do no damage.
The quokka bites you but does no damage.
You hit the quokka.
The quokka is heavily wounded.
The quokka closely misses you.
You hit the quokka but do no damage.
The quokka is heavily wounded.
The quokka barely misses you.
You hit the quokka but do no damage.
The quokka is heavily wounded.
The quokka bites you.
You hit the quokka but do no damage.
The quokka is heavily wounded.
You block the quokka's attack.
You closely miss the quokka.
The quokka is heavily wounded.
The quokka barely misses you.
You hit the quokka but do no damage.
The quokka is heavily wounded.
The quokka bites you.
You hit the quokka but do no damage.
The quokka is heavily wounded.
The quokka barely misses you.
You barely miss the quokka.
The quokka is heavily wounded.
The quokka bites you.
* * * LOW HITPOINT WARNING * * *
The quokka bites you.
* * * LOW HITPOINT WARNING * * *
You hit the quokka.
The quokka is almost dead.
The quokka barely misses you.
You miss the quokka.
The quokka is almost dead.
The quokka bites you.
You die...

..# ..#
...##
.....
......
#..!.
###.!#
#.r.#
###@###
#>..#
#.###
#.# #..
#..
....
....
....S


You could see a quokka.

Vanquished Creatures
  Natasha (D:3)
  A ball python (D:3)
  An endoplasm (D:3)
3 creatures vanquished.

Notes
Turn   | Place    | Note
-------+----------+-------------------------------------------
     0 | D:5      | KennySheep the Deep Elf Delver began the quest for the Orb.
     0 | D:5      | Reached XP level 1. HP: 13/13 MP: 3/3
    84 | D:3      | Noticed a bombardier beetle
    88 | D:3      | Noticed Ijyb
   117 | D:3      | Noticed Natasha
   123 | D:3      | Noticed a cerulean imp
   145 | D:3      | Killed Natasha
   146 | D:3      | Reached skill level 1 in Ranged Weapons
   146 | D:3      | Reached skill level 1 in Spellcasting
   146 | D:3      | Reached skill level 1 in Hexes
   146 | D:3      | Reached skill level 1 in Necromancy
   146 | D:3      | Reached XP level 2. HP: 7/18 MP: 3/5
   188 | D:2      | Slain by a quokka

Illustrated notes

Levels and vault maps discovered:
D:2:      layout_basic
D:3:      layout_loops_cross, lemuel_coloured_pillars_altar, uniq_natasha,
          uniq_ijyb
D:4:      layout_loops_cross, cheibriados_altar_1, serial_bayou_pond_a,
          nicolae_grassy_gnolls
D:5:      layout_basic, chequers_serial_rivers_room_a, uniq_pikel

Skill      XL: |  1 |
---------------+----+-----
Ranged Weapons | 1 |  1.2
Spellcasting   | 1 |  1.2
Hexes          | 1 |  1.2
Necromancy     | 1 |  1.0
Fighting       | |  2.4
Short Blades   | |  2.0
Dodging        | |  2.8
Stealth        | |  6.2

Action                     || total
---------------------------++-------
  Melee: Short sword       ||    40
    Use: Scroll            ||     2
         Potion            ||     1
   Stab: Sleeping          ||     1
 Armour: Skin              ||    22
         Leather armour    ||     9
  Dodge: Dodged            ||    10
  Block: Other             ||    10
